APP
BLUEFIELD BLUE JAYS @ DETROIT (APP) TIGERS
08/27/2049
 
TOP OF THE 1ST
Bluefield Blue Jays batting - Pitching for Detroit (APP) Tigers : RHP Edwin Marquez
Pitching: RHP Edwin Marquez
Batting: SHB Mike Fermin 0-0: Ball
1-0: Called Strike
1-1: Ball
2-1: Foul Ball, location: 2F
2-2: Ball
3-2: Base on Balls
Batting: SHB Toby Patenaude 0-0: Called Strike
0-1: Foul Ball, location: 2F
0-2: Strikes out looking
Batting: RHB Mark Noftall 0-0: Ball
1-0: Ball
Mike Fermin steals 2nd, throwing error, E2
Mike Fermin to third
2-0: Called Strike
2-1: Ball
3-1: Foul Ball, location: 2F
3-2: Strikes out swinging
Batting: RHB Chad Colyer 0-0: Called Strike
0-1: Ball
1-1: Hit by Pitch
Batting: LHB Jessie Stewart 0-0: Swinging Strike
0-1: Ball
1-1: Swinging Strike
1-2: Foul Ball, location: 2F
1-2: Foul Ball, location: 2F
1-2: Foul Ball, location: 2F
1-2: Foul Ball, location: 2F
1-2: Strikes out swinging
Top of the 1st over - 0 runs, 0 hits, 1 error, 2 left on base; Bluefield 0 - Detroit (APP) 0
BOTTOM OF THE 1ST
Detroit (APP) Tigers batting - Pitching for Bluefield Blue Jays : RHP Bradley Carriere
Pitching: RHP Bradley Carriere
Batting: RHB Kevin Steed 0-0: Called Strike
0-1: Ball
1-1: Fly out, F8 (Flyball, 8LD, EV 88.8 MPH)
Batting: RHB Jamie Villagrana 0-0: Ball
1-0: Foul Ball, location: 2F
1-1: Foul Ball, location: 2F
1-2: Ball
2-2: Foul Ball, location: 2F
2-2: Strikes out looking
Batting: RHB Nate Dabney 0-0: Called Strike
0-1: Called Strike
0-2: Ball
1-2: Ball
2-2: Fly out, F6 (Flyball, 56D, EV 96.9 MPH)
Bottom of the 1st over - 0 runs, 0 hits, 0 errors, 0 left on base; Bluefield 0 - Detroit (APP) 0
TOP OF THE 2ND
Bluefield Blue Jays batting - Pitching for Detroit (APP) Tigers : RHP Edwin Marquez
Batting: RHB Lao-che Zhu 0-0: Fly out, F5 (Line Drive, 5, EV 75.6 MPH)
Batting: RHB Mike Vaughan 0-0: Ball
1-0: Called Strike
1-1: Swinging Strike
1-2: Foul Ball, location: 2F
1-2: Strikes out swinging
Batting: RHB Benedikt Fleischmann 0-0: Ball
1-0: Swinging Strike
1-1: Foul Ball, location: 2F
1-2: Strikes out swinging
Top of the 2nd over - 0 runs, 0 hits, 0 errors, 0 left on base; Bluefield 0 - Detroit (APP) 0
BOTTOM OF THE 2ND
Detroit (APP) Tigers batting - Pitching for Bluefield Blue Jays : RHP Bradley Carriere
Batting: LHB Brad Gaskill 0-0: Ball
1-0: Foul Ball, location: 2F
1-1: Foul Ball, location: 2F
1-2: Strikes out swinging
Batting: LHB Glen Boyle 0-0: Foul Ball, location: 2F
0-1: Ball
1-1: Ball
2-1: Called Strike
2-2: Ball
3-2: Strikes out looking
Batting: RHB Jorge Lebron 0-0: Called Strike
0-1: Ball
1-1: Ball
2-1: Called Strike
2-2: Ball
3-2: Strikes out swinging
Bottom of the 2nd over - 0 runs, 0 hits, 0 errors, 0 left on base; Bluefield 0 - Detroit (APP) 0
TOP OF THE 3RD
Bluefield Blue Jays batting - Pitching for Detroit (APP) Tigers : RHP Edwin Marquez
Batting: RHB Cedric Nicholls 0-0: Called Strike
0-1: Foul Ball, location: 2F
0-2: Foul Ball, location: 2F
0-2: Strikes out looking
Batting: SHB Mike Fermin 0-0: Ball
1-0: Ball
2-0: Called Strike
2-1: Fly out, F8 (Line Drive, 78M, EV 88.1 MPH)
Batting: SHB Toby Patenaude 0-0: Ball
1-0: Called Strike
1-1: Called Strike
1-2: Ball
2-2: Strikes out swinging
Top of the 3rd over - 0 runs, 0 hits, 0 errors, 0 left on base; Bluefield 0 - Detroit (APP) 0
BOTTOM OF THE 3RD
Detroit (APP) Tigers batting - Pitching for Bluefield Blue Jays : RHP Bradley Carriere
Batting: RHB Cody Kafer 0-0: Ball
1-0: Ground out 5-3 (Groundball, 56, EV 90.6 MPH)
Batting: RHB Peter Jones 0-0: Ball
1-0: Called Strike
1-1: Ball
2-1: Ball
3-1: Foul Ball, location: 2F
3-2: Foul Ball, location: 2F
3-2: Base on Balls
Batting: RHB Rick Brinkmann 0-0: Ball
1-0: Foul Ball, location: 2F
1-1: Fly out, F8 (Flyball, 8LD, EV 82.5 MPH)
Batting: RHB Kevin Steed 0-0: Ball
1-0: Ball
2-0: Swinging Strike
2-1: Ball
3-1: Fielders Choice at 2nd, 6-4 (Groundball, 6, EV 101.9 MPH)
Bottom of the 3rd over - 0 runs, 0 hits, 0 errors, 1 left on base; Bluefield 0 - Detroit (APP) 0
TOP OF THE 4TH
Bluefield Blue Jays batting - Pitching for Detroit (APP) Tigers : RHP Edwin Marquez
Batting: RHB Mark Noftall 0-0: Ball
1-0: Called Strike
1-1: Ball
2-1: Ball
3-1: Ground out 6-3 (Groundball, 6, EV 108.1 MPH)
Batting: RHB Chad Colyer 0-0: Called Strike
0-1: Ball
1-1: Called Strike
1-2: Ball
2-2: Ball
3-2: Base on Balls
Batting: LHB Jessie Stewart 0-0: Ball
Chad Colyer steals 2nd base
1-0: Ball
2-0: Foul Ball, location: 2F
2-1: Foul Ball, location: 2F
2-2: Ground out U3 (Groundball, 3, EV 98.8 MPH)
Chad Colyer to third
Batting: RHB Lao-che Zhu 0-0: Ball
1-0: Ground out 6-3 (Groundball, 6S, EV 81.2 MPH)
Top of the 4th over - 0 runs, 0 hits, 0 errors, 1 left on base; Bluefield 0 - Detroit (APP) 0
BOTTOM OF THE 4TH
Detroit (APP) Tigers batting - Pitching for Bluefield Blue Jays : RHP Bradley Carriere
Batting: RHB Jamie Villagrana 0-0: Ball
1-0: Ball
2-0: Called Strike
2-1: Swinging Strike
2-2: Foul Ball, location: 2F
2-2: Foul Ball, location: 2F
2-2: Foul Ball, location: 2F
2-2: Foul Ball, location: 2F
2-2: Fly out, F8 (Flyball, 8LD, EV 107.5 MPH)
Batting: RHB Nate Dabney 0-0: Fly out, F8 (Line Drive, 8RS, EV 96.9 MPH)
Batting: LHB Brad Gaskill 0-0: Ball
1-0: Foul Ball, location: 2F
1-1: Ball
2-1: Ball
3-1: Foul Ball, location: 2F
3-2: Base on Balls
Batting: LHB Glen Boyle 0-0: Called Strike
0-1: Swinging Strike
0-2: Strikes out swinging
Bottom of the 4th over - 0 runs, 0 hits, 0 errors, 1 left on base; Bluefield 0 - Detroit (APP) 0
TOP OF THE 5TH
Bluefield Blue Jays batting - Pitching for Detroit (APP) Tigers : RHP Edwin Marquez
Batting: RHB Mike Vaughan 0-0: Called Strike
0-1: Called Strike
0-2: Ball
1-2: Foul Ball, location: 2F
1-2: Ball
2-2: Ground out 3-1 (Groundball, 34, EV 100.6 MPH)
Batting: RHB Benedikt Fleischmann 0-0: Ball
1-0: Foul Ball, location: 2F
1-1: Ball
2-1: Ball
3-1: Base on Balls
Batting: RHB Cedric Nicholls 0-0: Called Strike
0-1: Called Strike
Benedikt Fleischmann steals 2nd base
0-2: Foul Ball, location: 2F
0-2: Ball
1-2: Ball
2-2: Foul Ball, location: 2F
2-2: Strikes out swinging
Pitching: RHP Edwin Torres
Batting: SHB Mike Fermin 0-0: SINGLE (Line Drive, 6D, EV 109.4 MPH)
Benedikt Fleischmann to third
Batting: SHB Toby Patenaude 0-0: 3-RUN HOME RUN (Flyball, 9LD, EV 95.0 MPH), Distance : 337 ft
Batting: RHB Mark Noftall 0-0: Ball
1-0: Ball
2-0: Foul Ball, location: 2F
2-1: Ball
3-1: Foul Ball, location: 2F
3-2: Foul Ball, location: 2F
3-2: Foul Ball, location: 2F
3-2: Base on Balls
Batting: RHB Chad Colyer 0-0: Swinging Strike
0-1: Ball
1-1: Foul Ball, location: 2F
1-2: Ball
2-2: Ball
3-2: Foul Ball, location: 2F
3-2: Fly out, F4 (Line Drive, 4M, EV 72.5 MPH)
Top of the 5th over - 3 runs, 2 hits, 0 errors, 1 left on base; Bluefield 3 - Detroit (APP) 0
BOTTOM OF THE 5TH
Detroit (APP) Tigers batting - Pitching for Bluefield Blue Jays : RHP Bradley Carriere
Batting: RHB Jorge Lebron 0-0: Ground out 6-3 (Groundball, 6S, EV 86.2 MPH)
Batting: RHB Cody Kafer 0-0: Ball
1-0: Ball
2-0: Swinging Strike
2-1: Called Strike
2-2: Ball
3-2: Strikes out swinging
Batting: RHB Peter Jones 0-0: Ball
1-0: Ball
2-0: Called Strike
2-1: Ball
3-1: Foul Ball, location: 2F
3-2: Foul Ball, location: 2F
3-2: Ground out 6-3 (Groundball, 6, EV 102.5 MPH)
Bottom of the 5th over - 0 runs, 0 hits, 0 errors, 0 left on base; Bluefield 3 - Detroit (APP) 0
TOP OF THE 6TH
Bluefield Blue Jays batting - Pitching for Detroit (APP) Tigers : RHP Edwin Torres
Batting: LHB Jessie Stewart 0-0: Ball
1-0: Ground out 6-3 (Groundball, 6, EV 102.5 MPH)
Batting: RHB Lao-che Zhu 0-0: Ball
1-0: Ball
2-0: Ball
3-0: Base on Balls
Batting: RHB Mike Vaughan 0-0: Ball
1-0: Ball
2-0: Swinging Strike
2-1: Foul Ball, location: 2F
2-2: Strikes out swinging
Pitching: RHP Marshall Laurence
Batting: RHB Benedikt Fleischmann 0-0: Ball
1-0: Swinging Strike
1-1: Ball
2-1: Hit by Pitch
Lao-che Zhu to second
Batting: RHB Cedric Nicholls 0-0: Ball
1-0: Ball
2-0: Foul Ball, location: 2F
2-1: Ball
3-1: Base on Balls
Lao-che Zhu to third
Benedikt Fleischmann to second
Batting: SHB Mike Fermin 0-0: Ball
1-0: Ball
2-0: Foul Ball, location: 2F
2-1: Ball
3-1: Swinging Strike
3-2: Strikes out looking
Top of the 6th over - 0 runs, 0 hits, 0 errors, 3 left on base; Bluefield 3 - Detroit (APP) 0
BOTTOM OF THE 6TH
Detroit (APP) Tigers batting - Pitching for Bluefield Blue Jays : RHP Bradley Carriere
Pitching: RHP Sergio Valdivia
Batting: RHB Rick Brinkmann 0-0: Called Strike
0-1: Swinging Strike
0-2: Foul Ball, location: 2F
0-2: Strikes out swinging
Batting: RHB Kevin Steed 0-0: Ball
1-0: Called Strike
1-1: Ball
2-1: Foul Ball, location: 2F
2-2: Hit by Pitch
Batting: RHB Jamie Villagrana 0-0: Ball
1-0: Foul Ball, location: 2F
1-1: Foul Ball, location: 2F
1-2: Foul Ball, location: 2F
1-2: Fly out, F9 (Flyball, 9D, EV 102.5 MPH)
Batting: RHB Nate Dabney 0-0: Ball
1-0: Called Strike
1-1: Fly out, F8 (Flyball, 8RM, EV 76.9 MPH)
Bottom of the 6th over - 0 runs, 0 hits, 0 errors, 1 left on base; Bluefield 3 - Detroit (APP) 0
TOP OF THE 7TH
Bluefield Blue Jays batting - Pitching for Detroit (APP) Tigers : RHP Marshall Laurence
Batting: SHB Toby Patenaude 0-0: SINGLE (Groundball, 34D, EV 95.6 MPH)
Batting: RHB Mark Noftall 0-0: Ball
1-0: Called Strike
1-1: Foul Ball, location: 2F
1-2: Fielders Choice at 2nd, 5-4 (Groundball, 56, EV 88.8 MPH)
Batting: RHB Chad Colyer 0-0: Ball
1-0: Fielders Choice at 2nd, 5-4 (Groundball, 5, EV 88.1 MPH)
Pitching: RHP Alvaro de la Paz
Batting: LHB Jessie Stewart 0-0: Ball
1-0: Ball
2-0: Called Strike
2-1: Called Strike
2-2: Ground out U3 (Groundball, 3, EV 83.1 MPH)
Top of the 7th over - 0 runs, 1 hit, 0 errors, 1 left on base; Bluefield 3 - Detroit (APP) 0
BOTTOM OF THE 7TH
Detroit (APP) Tigers batting - Pitching for Bluefield Blue Jays : RHP Sergio Valdivia
Now at 1B: Joy-shan Li
Batting: LHB Brad Gaskill 0-0: Foul Ball, location: 2F
0-1: Ball
1-1: Foul Ball, location: 2F
1-2: Strikes out looking
Batting: LHB Glen Boyle 0-0: Ground out 4-3 (Groundball, 4S, EV 80.6 MPH)
Batting: RHB Jorge Lebron 0-0: Ball
1-0: Ball
2-0: Ball
3-0: Base on Balls
Batting: RHB Cody Kafer 0-0: Fly out, F9 (Flyball, 9, EV 91.9 MPH)
Bottom of the 7th over - 0 runs, 0 hits, 0 errors, 1 left on base; Bluefield 3 - Detroit (APP) 0
TOP OF THE 8TH
Bluefield Blue Jays batting - Pitching for Detroit (APP) Tigers : RHP Alvaro de la Paz
Batting: RHB Lao-che Zhu 0-0: Foul Ball, location: 2F
0-1: Ball
1-1: Ball
2-1: Ball
3-1: Base on Balls
Batting: RHB Mike Vaughan 0-0: Ball
Lao-che Zhu steals 2nd base
1-0: Ball
2-0: Ground out 6-3 (Groundball, P, EV 80.0 MPH)
Lao-che Zhu to third
Batting: RHB Benedikt Fleischmann 0-0: Intentional Walk
Batting: RHB Cedric Nicholls 0-0: Called Strike
Benedikt Fleischmann steals 2nd base
0-1: Called Strike
0-2: Strikes out looking
Batting: RHB Joy-shan Li 0-0: Called Strike
0-1: Swinging Strike
0-2: Ball
1-2: Foul Ball, location: 2F
1-2: SINGLE (Groundball, 56D, EV 101.9 MPH)
Lao-che Zhu scores
Benedikt Fleischmann to third
Runner from 3rd tries for Home, SAFE, throw by LF to home
Batting: SHB Toby Patenaude 0-0: Ball
1-0: Ball
2-0: SINGLE (Groundball, 6D, EV 106.9 MPH)
Joy-shan Li to second
Pitching: RHP Victor Altagracia
Batting: RHB Mark Noftall 0-0: Ball
1-0: Ball
2-0: Ball
3-0: Called Strike
3-1: Base on Balls
Joy-shan Li to third
Toby Patenaude to second
Batting: RHB Chad Colyer 0-0: Ball
1-0: Fielders Choice at 2nd, 5-4 (Groundball, 56, EV 85.0 MPH)
Top of the 8th over - 2 runs, 2 hits, 0 errors, 3 left on base; Bluefield 5 - Detroit (APP) 0
BOTTOM OF THE 8TH
Detroit (APP) Tigers batting - Pitching for Bluefield Blue Jays : RHP Sergio Valdivia
Batting: RHB Peter Jones 0-0: Called Strike
0-1: Ball
1-1: Fly out, F7 (Flyball, 78M, EV 96.2 MPH)
Pinch Hitting: SHB Eisse Wijnja 0-0: Ball
1-0: Swinging Strike
1-1: Called Strike
1-2: Foul Ball, location: 2F
1-2: Ground out 5-3 (Groundball, 56S, EV 68.1 MPH)
Batting: RHB Kevin Steed 0-0: Foul Ball, location: 2F
0-1: Foul Ball, location: 2F
0-2: Foul Ball, location: 2F
0-2: Ball
1-2: Ground out 3-1 (Groundball, 34, EV 84.4 MPH)
Bottom of the 8th over - 0 runs, 0 hits, 0 errors, 0 left on base; Bluefield 5 - Detroit (APP) 0
TOP OF THE 9TH
Bluefield Blue Jays batting - Pitching for Detroit (APP) Tigers : RHP Victor Altagracia
Now at 1B: Eisse Wijnja
Batting: LHB Jessie Stewart 0-0: Foul Ball, location: 2F
0-1: Ball
1-1: Ball
2-1: SOLO HOME RUN (Flyball, 9D, EV 100.0 MPH), Distance : 375 ft
Batting: RHB Lao-che Zhu 0-0: Ball
1-0: Called Strike
1-1: Fly out, F7 (Flyball, 78M, EV 81.9 MPH)
Batting: RHB Mike Vaughan 0-0: Ball
1-0: Called Strike
1-1: Ball
2-1: Foul Ball, location: 2F
2-2: Strikes out swinging
Batting: RHB Benedikt Fleischmann 0-0: Ball
1-0: Ball
2-0: Called Strike
2-1: Ball
3-1: Base on Balls
Batting: RHB Cedric Nicholls 0-0: Ball
1-0: Ball
Benedikt Fleischmann is caught stealing 2nd base 2-4
Top of the 9th over - 1 run, 1 hit, 0 errors, 0 left on base; Bluefield 6 - Detroit (APP) 0
BOTTOM OF THE 9TH
Detroit (APP) Tigers batting - Pitching for Bluefield Blue Jays : RHP Sergio Valdivia
Batting: RHB Jamie Villagrana 0-0: Ball
1-0: Ball
2-0: Ball
3-0: Called Strike
3-1: Foul Ball, location: 2F
3-2: Foul Ball, location: 2F
3-2: Strikes out swinging
Batting: RHB Nate Dabney 0-0: Called Strike
0-1: Ground out 6-3 (Groundball, 6, EV 100.6 MPH)
Batting: LHB Brad Gaskill 0-0: Ball
1-0: Ball
2-0: Ball
3-0: Called Strike
3-1: Called Strike
3-2: Base on Balls
Batting: LHB Glen Boyle 0-0: Called Strike
0-1: Swinging Strike
0-2: Strikes out swinging
Bottom of the 9th over - 0 runs, 0 hits, 0 errors, 1 left on base; Bluefield 6 - Detroit (APP) 0
Sunday, July 16th , 2023 - OOTP Baseball 24.6 Build 69